 Seeded DCSS version 0.31-a0-4-gefa6de2278 (webtiles) character file.

Game seed: 2122283489254455534 (custom seed)

700 Pimp the Trooper (level 7, 0/56 HPs)
             Began as a Demonspawn Fighter on May 4, 2023.
             Slain by an ogre
             ... wielding a +0 giant spiked club
              (21 damage)
             ... on level 5 of the Dungeon.
             The game lasted 00:07:30 (3036 turns).

Pimp the Trooper (Demonspawn Fighter)               Turns: 3036, Time: 00:07:31

Health: 0/56       AC:  8    Str: 18    XL:     7   Next: 38%
Magic:  0/7        EV:  9    Int: 14    God:
Gold:   255        SH:  5    Dex: 15    Spells: 6/6 levels left

rFire   . . .        f - +2 broad axe (vamp)
rCold   . . .        c - +0 buckler
rNeg    . . .        b - +0 scale mail
rPois   .            (helmet restricted)
rElec   .            (no cloak)
rCorr   .            (no gloves)
SInv    .            s - +0 pair of boots of Futuristic Lucidity {Int+3 Dex+2}
Will    .....        j - amulet of regeneration Stlth
                     (no ring)
HPRegen 1.09/turn    (no ring)
MPRegen 0.20/turn

%: guardian spirit
@: on berserk cooldown
A: antennae 1, magic shield, magic regeneration, big brain 1
a: no special abilities


You were on level 5 of the Dungeon.
You visited 1 branch of the dungeon, and saw 5 of its levels.

You collected 255 gold pieces.

Inventory:

Hand Weapons
 a - a +0 war axe
 f - a +2 vampiric broad axe (weapon)
Armour
 b - a +0 scale mail (worn)
 c - a +0 buckler (worn)
 h - a +0 pair of boots
 s - the +0 pair of boots of Futuristic Lucidity (worn) {Int+3 Dex+2}
   (You acquired it on level 3 of the Dungeon)

   Int:       It affects your intelligence (+3).
   Dex:       It affects your dexterity (+2).
Jewellery
 i - a ring of poison resistance
 j - an amulet of regeneration (around neck)
Scrolls
 e - 2 scrolls of poison {unknown}
 k - 7 scrolls of identify
 l - a scroll of immolation
 v - a scroll of amnesia {unknown}
 w - a scroll of magic mapping {unknown}
Potions
 d - 2 potions of might
 g - a potion of heal wounds {unknown}
 m - a potion of flight {unknown}
 n - a potion of magic {unknown}
 o - a potion of berserk rage
 q - a potion of mutation {unknown}
 r - 2 potions of brilliance {unknown}
 t - a potion of lignification {unknown}
 u - a potion of curing {unknown}


   Skills:
 + Level 5.0 Fighting
 + Level 4.0 Axes
 + Level 4.5 Armour
 + Level 4.5 Shields


You had 6 spell levels left.
You didn't know any spells.
Your spell library contained the following spells:

 Spells                   Type           Power      Damage    Failure   Level
 Blink                    Tloc           0%         N/A       86%         2
 Lesser Beckoning         Tloc           0%         N/A       86%         2
 Momentum Strike          Conj/Tloc      0%         3d8       86%         2
 Scorch                   Fire           0%         2d5       86%         2
 Flame Wave               Conj/Fire      0%         2d4       100%        4
 Summon Cactus Giant      Summ           0%         N/A       100%        6


Dungeon Overview and Level Annotations

Branches:
Dungeon (5/15)
 Temple: D:4-7

Altars:
Fedhas
Uskayaw

Shops:
D:4 *


Innate Abilities, Weirdness & Mutations

You have a pair of small antennae on your head.
When hurt, damage is shared between your health and your magic reserves.
You regenerate magic rapidly.
You have an unusually large brain. (Int +2)


Message History

The adder attacks as you move away! You block the adder's attack.
You feel sick. You block the adder's attack.
You feel sick. The ogre misses you. The gnoll barely misses you.
The adder bites you but does no damage.
You feel sick. You block the gnoll's attack.
You feel sick.
You are no longer poisoned.
The adder closely misses you.
The gnoll hits you from afar with a +0 spear.
You closely miss the adder.
The adder is almost dead.
The adder bites you but does no damage.
The gnoll hits you from afar with a +0 spear.
* * * LOW HITPOINT WARNING * * *
The adder completely misses you.
The gnoll hits you from afar with a +0 spear.
* * * LOW HITPOINT WARNING * * *
The gnoll barely misses you. The adder closely misses you.
The gnoll misses you. The gnoll completely misses you.
The adder attacks as you move away! The adder closely misses you.
The adder bites you but does no damage.
You barely miss the adder.
The adder is almost dead.
You feel yourself speed up. The adder bites you but does no damage.
The adder barely misses you. x2
You completely miss the adder.
The adder is almost dead.
The adder bites you but does no damage. You block the adder's attack.
You slash the adder!
You feel better.
You kill the adder!
The ogre completely misses you.
You hit the ogre.
You feel better.
The ogre is lightly wounded.
You block the gnoll's attack. You block the ogre's attack.
The gnoll hits you from afar with a +0 spear.
You barely miss the ogre.
The ogre is lightly wounded.
You block the gnoll's attack.
The ogre hits you with a +0 giant spiked club!!
You die...

#.............+
#......)......#
#.............#
#.............#
#.............#
##...g........#
####g########
#O# #@# #.# ###


You could see an ogre and 2 gnolls.

Vanquished Creatures
  Menkaure (D:5)
  2 scorpions (D:5)
  2 hounds (D:5)
  2 jellies (D:4)
  3 gnoll boudas
  8 gnolls
  10 adders
  An ufetubus (D:5)
  3 worms
  6 orcs
  6 endoplasms
  3 giant cockroaches
  5 goblins
  5 hobgoblins
  5 jackals
  7 quokkas
  7 ball pythons
  5 bats
  3 frilled lizards
  2 kobolds (D:1)
  6 rats
92 creatures vanquished.

Vanquished Creatures (others)
  A plant (D:2)
1 creature vanquished.

Grand Total: 93 creatures vanquished

Notes
Turn   | Place    | Note
-------+----------+-------------------------------------------
     0 | D:1      | Pimp the Demonspawn Fighter began the quest for the Orb.
     0 | D:1      | Reached XP level 1. HP: 18/18 MP: 1/1
   208 | D:1      | Gained mutation: You regenerate magic rapidly. [demonic
                  | ancestry]
   208 | D:1      | Reached XP level 2. HP: 24/24 MP: 2/2
   753 | D:2      | Gained mutation: When hurt, damage is shared between your
                  | health and your magic reserves. [demonic ancestry]
   753 | D:2      | Reached XP level 3. HP: 29/29 MP: 3/3
   984 | D:2      | Reached XP level 4. HP: 35/35 MP: 4/4
  1302 | D:3      | Found a blossoming altar of Fedhas.
  1302 | D:3      | Found a hide-covered altar of Uskayaw.
  1425 | D:3      | Identified 2 scrolls of acquirement
  1425 | D:3      | Acquired the +0 pair of boots of Futuristic Lucidity {Int+3
                  | Dex+2}
  1427 | D:3      | Acquired a +2 vampiric broad axe
  1720 | D:4      | Reached XP level 5. HP: 42/42 MP: 5/5
  1822 | D:4      | Reached skill level 4 in Fighting
  2418 | D:4      | Found Nocuis's Lightly-Used Armoury.
  2510 | D:4      | Gained mutation: You have a pair of small antennae on your
                  | head. [demonic ancestry]
  2510 | D:4      | Reached XP level 6. HP: 48/48 MP: 6/6
  2600 | D:5      | Entered Level 5 of the Dungeon
  2637 | D:5      | Noticed Menkaure
  2647 | D:5      | Killed Menkaure
  2875 | D:5      | Gained mutation: You have an unusually large brain. (Int
                  | +2) [demonic ancestry]
  2875 | D:5      | Reached XP level 7. HP: 51/55 MP: 5/7
  3004 | D:5      | Reached skill level 5 in Fighting
  3036 | D:5      | Slain by an ogre

Illustrated notes

Levels and vault maps discovered:
D:1:      denvon_arrival_waterhouse, layout_basic
D:2:      layout_rooms, serial_forest, infiniplex_forest_clump_double,
          infiniplex_forest_straight_4, infiniplex_forest_zigzag_1,
          infiniplex_forest_lined_2, infiniplex_forest_zigzag_1,
          infiniplex_forest_straight_3, minmay_circle_x
D:3:      layout_rooms, gammafunk_temple_overflow_wave, kennysheep_another_room
D:4:      layout_gridville, minmay_shop_damaged
D:5:      layout_basic, nicolae_overflow_crystal_walls, uniq_menkaure

Skill      XL: |  1  2  3  4  5  6  7 |
---------------+----------------------+-----
Axes           | 2 3 4 |  4.0
Armour         | 3 4 |  4.5
Shields        | 3 4 |  4.5
Fighting       | 4 5 |  5.0

Action                     |  1- 3 |  4- 6 |  7- 9 || total
---------------------------+-------+-------+-------++-------
  Melee: War axe           |   117 |    30 |       ||   147
         Broad axe         |       |    99 |    36 ||   135
    Use: Scroll            |     1 |     7 |     1 ||     9
         Potion            |       |       |     1 ||     1
 Armour: Scale mail        |    79 |    67 |    47 ||   193
  Dodge: Dodged            |    63 |    79 |    56 ||   198
  Block: Buckler           |    37 |    41 |    45 ||   123

Table legend: (Time is in decaauts)
 A = Elapsed time spent in this place.
 B = Non-inter-level travel time spent in this place.
 C = Inter-level travel time spent in this place.
 D = Time resting spent in this place.
 E = Time spent auto-exploring this place.
 F = Levels seen in this place.
 G = Mean time per level.
                   A        B        C        D        E       F      G
               +--------+--------+--------+--------+--------+-----+--------+
         Total |   3172 |   3064 |    108 |    257 |   1872 |   5 |  634.4 |
       Dungeon |   3172 |   3064 |    108 |    257 |   1872 |   5 |  634.4 |
               +--------+--------+--------+--------+--------+-----+--------+

Top non-repeatable levels by time:
     D:4: 867 daAuts
     D:1: 759 daAuts
     D:3: 541 daAuts
     D:2: 526 daAuts
     D:5: 477 daAuts
